 Dungeon Crawl Stone Soup version 0.24.0-123-gd5b16e6ec5 (webtiles) character file.

Game seed: 10976179201425051605, levelgen mode: deterministic

63 Descartes the Sneak (level 3, -3/17 HPs)
             Began as a Felid Monk on Feb 1, 2020.
             Killed from afar by Natasha (9 damage)
             ... with a magic dart
             ... on level 2 of the Dungeon.
             The game lasted 00:03:36 (2018 turns).

Descartes the Sneak (Felid Monk)                    Turns: 2018, Time: 00:03:36

Health: -3/17      AC:  1    Str:  8    XL:     3   Next: 87%
Magic:  4/4        EV: 19    Int: 11    God:
Gold:   66         SH:  0    Dex: 18    Spells: 2/2 levels left
                                        Lives:  0   Deaths: 0

rFire    . . .     SeeInvis +     - Unarmed
rCold    . . .     Gourm    .   (shield unavailable)
rNeg     . . .     Faith    .   (armour unavailable)
rPois    .         Spirit   .   (helmet unavailable)
rElec    .         Reflect  .   (cloak unavailable)
rCorr    .         Harm     .   (gloves unavailable)
MR       .....                  (boots unavailable)
Stlth    ++++......             (no amulet)
HPRegen  0.05/turn              (no ring)
MPRegen  0.09/turn              (no ring)

@: quick
A: very small, no armour, no weapons or thrown items, stealth, claws 1, fangs 3,
see invisible, carnivore, speed 1, shaggy fur 1, slow metabolism 1, sharp paws
a: no special abilities


You were on level 2 of the Dungeon.
You were completely stuffed.

You visited 1 branch of the dungeon, and saw 2 of its levels.

You collected 66 gold pieces.

Inventory:

Missiles
 h - 15 stones
Scrolls
 b - a scroll of enchant weapon {unknown}
 c - 3 scrolls of identify {unknown}
 d - 5 scrolls of teleportation {unknown}
 e - a scroll of magic mapping {unknown}
 f - a scroll of immolation {unknown}
 g - a scroll of enchant armour {unknown}
 j - a scroll of amnesia {unknown}
Potions
 i - a potion of heal wounds {unknown}
Comestibles
 a - 3 rations


   Skills:
 - Level 3.0 Fighting
 - Level 4.0 Dodging
 * Level 5.2 Stealth
 + Level 3.6 Unarmed Combat


You had 2 spell levels left.
You didn't know any spells.
Your spell library was empty.

Dungeon Overview and Level Annotations

Branches:
Dungeon (2/15)

Altars:

Annotations:
D:2 Natasha


Innate Abilities, Weirdness & Mutations

You cannot wear armour.
You are incapable of wielding weapons or throwing items.
Your paws allow you to move quietly. (Stealth)
You have sharp claws.
You have razor-sharp teeth.
You have supernaturally acute eyesight. (SInv)
You are carnivorous and can eat meat at any time.
You cover ground quickly.
You are covered in fur. (AC +1)
You have a slow metabolism.
Your sharp claws are effective at attacking unaware monsters.


Message History

Natasha claws you.
You scratch Natasha but do no damage. You bite Natasha, but do no damage.
Natasha claws you.
You barely miss Natasha. Natasha claws you.
You closely miss Natasha. Natasha completely misses you.
You barely miss Natasha.
Natasha howls an incantation.
You feel troubled. Natasha closely misses you.
You scratch Natasha.
Natasha is moderately wounded.
Natasha claws you.
You barely miss Natasha.
Natasha is moderately wounded.
You scratch Natasha.
Natasha is moderately wounded.
Natasha stares at you and mumbles some strange words.
The magic dart hits you!
Ouch! That really hurt!
You die...

#.รท..#..# ##.#..(..#
#........#
###.####.##.#### ######
.>.....(......# #.....
###.###..##.##.# #.####
####......#.###.###.####
....?#h#...#...........#
.......@...#.##.###.##.#
.########....##.# #.##..
#........# #.....
##...##### ######
#......# #.##.#.# #.
#.#.. . .....# . .#.#..#


You could see Natasha.

Vanquished Creatures
  Natasha (D:2)
  2 dart slugs
  A leopard gecko (D:1)
  5 goblins
  4 hobgoblins (D:1)
  3 jackals
  6 kobolds
  5 bats
  2 frilled lizards
  3 rats
32 creatures vanquished.

Notes
Turn   | Place    | Note
-------+----------+-------------------------------------------
     0 | D:1      | Descartes the Felid Monk began the quest for the Orb.
     0 | D:1      | Reached XP level 1. HP: 10/10 MP: 2/2
    70 | D:1      | Reached skill level 3 in Stealth
   537 | D:1      | Reached XP level 2. HP: 14/14 MP: 3/3
   892 | D:1      | Reached skill level 4 in Stealth
  1576 | D:2      | Reached XP level 3. HP: 17/17 MP: 4/4
  1676 | D:2      | Noticed Natasha
  1678 | D:2      | Killed Natasha
  1678 | D:2      | Reached skill level 5 in Stealth
  1720 | D:2      | Noticed Natasha
  2018 | D:2      | Killed from afar by Natasha

Levels and vault maps discovered:
D:1:      denvon_arrival_planthouse, layout_basic
D:2:      minmay_wonky_spiral, layout_loops_cross, uniq_natasha

Skill      XL: |  1  2  3 |
---------------+----------+-----
Stealth        | 3 4 5 |  5.2
Fighting       | |  3.0
Dodging        | |  4.0
Unarmed Combat | |  3.6

Action                   || total
-------------------------++-------
Melee: Unarmed           ||    71
       Bite              ||     4
 Stab: Sleeping          ||    14
       Distracted        ||     1
  Eat: Chunk             ||     9
Armor: Skin              ||     1
Dodge: Dodged            ||    44
